 Dungeon Crawl Stone Soup version 0.26-a0-651-gb41185065b (webtiles) character file.

Game seed: 11688840134642259770

6249 Irenicus the Carver (level 10, -15/92 HPs)
             Began as a Minotaur Chaos Knight on Oct 28, 2020.
             Was a Plaything of Xom.
             Demolished by a purple very ugly thing (28 damage)
             ... on level 2 of the Abyss.
             The game lasted 00:29:32 (6396 turns).

Irenicus the Carver (Minotaur Chaos Knight)         Turns: 6396, Time: 00:29:32

Health: -15/92     AC:  5    Str: 20    XL:     10   Next: 62%
Magic:  9/9        EV: 18    Int: 16    God:    Xom [.....*]
Gold:   580        SH:  0    Dex: 20    Spells: 9/9 levels left

rFire    + + .     SeeInvis .   L - +4 long sword "Keapp" {vorpal, Int+7 Dex+2}
rCold    + + +     Faith    .   (no shield)
rNeg     . . .     Spirit   .   E - +0 steam dragon scales
rPois    +         Reflect  .   (helmet restricted)
rElec    +         Harm     .   J - scarf {rC+ rF+}
rCorr    +         Rampage  .   e - +0 pair of gloves
MR       .....     Clarity  +   C - +0 pair of boots
Stlth    ++........             (no amulet)
HPRegen  0.25/turn              y - +6 ring of dexterity
MPRegen  0.11/turn              A - ring of protection from cold {rC+, !d}

@: about to teleport, resistant, stab, drained
A: retaliatory headbutt, horns 2, [berserk 2], clarity, [deformed body],
[screaming 2], strong 1
a: Renounce Religion


You were on level 2 of the Abyss.
You worshipped Xom.
You were Xom's teddy bear.
You visited 1 branch of the dungeon, and saw 8 of its levels.
You visited the Abyss 1 time.

You collected 580 gold pieces.

Inventory:

Hand Weapons
 h - a +1 long sword of chaos
   (Xom gifted it to you on level 2 of the Dungeon)
 m - a +4 hand axe of chaos
   (You took it off an orc on level 4 of the Dungeon)
 t - the +6 hunting sling of Arbitration {venom, rC+++ MR+++ Str-5 Int-3}
   (You found it on level 4 of the Dungeon)

   It poisons the ammo it fires.
   It affects your strength (-5).
   It affects your intelligence (-3).
   It renders you almost immune to cold.
   It affects your resistance to hostile enchantments.
 L - the +4 long sword "Keapp" (weapon) {vorpal, Int+7 Dex+2}
   (You took it off a centaur warrior on level 8 of the Dungeon)

   It inflicts extra damage upon your enemies.
   It affects your intelligence (+7).
   It affects your dexterity (+2).
Armour
 e - a +0 pair of gloves (worn)
   (Xom gifted it to you on level 3 of the Dungeon)
 C - a +0 pair of boots (worn)
   (You found it on level 6 of the Dungeon)
 E - +0 steam dragon scales (worn)
   (You found it on level 7 of the Dungeon)
 J - a scarf of resistance (worn)
   (You found it on level 8 of the Dungeon)
Magical Staves
 M - an uncursed staff of earth
   (You found it on level 8 of the Dungeon)
Jewellery
 i - an uncursed ring of stealth {Stlth+}
   (You found it on level 2 of the Dungeon)
 q - an uncursed ring of flight {+Fly, !d}
   (You found it on level 3 of the Dungeon)
 y - a +6 ring of dexterity (left hand)
   (You found it on level 5 of the Dungeon)
 A - a ring of protection from cold (right hand) {rC+, !d}
   (You found it on level 6 of the Dungeon)
 H - an uncursed ring of resist corrosion
   (You found it on level 8 of the Dungeon)
 K - an uncursed ring of wizardry {unknown}
   (You found it on level 8 of the Dungeon)
Wands
 f - a wand of random effects (50)
   (You found it on level 4 of the Dungeon)
 k - a wand of enslavement (9)
   (You found it on level 2 of the Dungeon)
 D - a wand of iceblast (11)
   (You found it on level 7 of the Dungeon)
Scrolls
 c - 2 scrolls of immolation {!r}
 d - 8 scrolls of identify
 g - 8 scrolls of teleportation
 l - a scroll of noise {!r}
 o - a scroll of remove curse
 p - 7 scrolls of enchant armour
 F - 2 scrolls of enchant weapon
 G - a scroll of magic mapping {!r}
Potions
 n - a potion of mutation {unknown}
 r - a potion of stabbing
 s - 2 potions of flight {unknown}
 u - a potion of berserk rage {unknown}
 w - a potion of lignification {unknown}
 x - a potion of invisibility {unknown}
 z - a potion of haste
 B - 2 potions of might
 O - a potion of curing
Miscellaneous
 I - a phantom mirror
   (You found it on level 8 of the Dungeon)


   Skills:
 + Level 9.7(8.9) Fighting
 - Level 14.3(13.4) Long Blades
 - Level 2.4(1.7) Armour
 + Level 8.2(7.5) Dodging


You had 9 spell levels left.
You didn't know any spells.
Your spell library contained the following spells:

 Spells                   Type           Power        Failure   Level
 Freeze                   Ice            #...         26%         1
 Magic Dart               Conj           #...         26%         1
 Blink                    Tloc           N/A          36%         2
 Call Imp                 Summ           #.......     36%         2
 Searing Ray              Conj           #.....       36%         2
 Slow                     Hex            #.......     36%         2
 Conjure Flame            Conj/Fire      #.......     58%         3
 Dazzling Flash           Conj/Hex       #.....       58%         3
 Frozen Ramparts          Ice            #.....       58%         3
 Mephitic Cloud           Conj/Pois/Air  #.......     58%         3
 Ozocubu's Armour         Ice            #.......     58%         3
 Fulminant Prism          Conj/Hex       #.........   94%         4
 Hailstorm                Conj/Ice       #.......     94%         4
 Iskenderun's Mystic Bla  Conj/Tloc      #.......     94%         4
 Summon Ice Beast         Ice/Summ       #.......     94%         4


Dungeon Overview and Level Annotations

Branches:
Dungeon (8/15)             Temple (0/1) D:4
   Lair: D:8-11

Altars:
Ashenzari
Cheibriados
Dithmenos
Fedhas
Gozag
Hepliaklqana
Makhleb
Ru
Vehumet
Xom
The Shining One

Shops:
D:4 ((}   D:8 *

Annotations:
D:6 1 runed translucent door, bmj180's ghost, amateur MiFi
D:8 Psyche


Innate Abilities, Weirdness & Mutations

You reflexively headbutt those who attack you in melee.
You have a pair of horns on your head.
You possess an exceptional clarity of mind.
Your muscles are strong. (Str +2)
[You often lose your temper in combat.]
[Armour fits poorly on your strangely shaped body.]
[You sometimes yell uncontrollably at your foes.]


Message History

You are cast into the Abyss!
To return, you must find a gate leading back.
Killing monsters will force the Abyss to allow you passage.
This branch contains the abyssal rune of Zot.
You open the door.
There is an open door here.
There is an open door here.
Found an iron altar of Okawaru.
A lurking horror comes into view.
There is an iron altar of Okawaru here.
You see here 25 stones.
f - a wand of random effects (50) (gained 13 charges)
You now have 525 gold pieces (gained 15).
You now have 549 gold pieces (gained 24).
You open the door.
There is an open door here.
Health restored: 92 A ynoxinul comes into view.
The ynoxinul bellows!
A large abomination comes into view.
An ancient zyme comes into view.
You feel yourself growing ill in the presence of the ancient zyme.
The ynoxinul gestures.
You see here 11 arrows.
The ynoxinul gestures.
The ufetubus misses you.
You riposte.
You miss the ufetubus. The ufetubus barely misses you. Xom grants you insight.
You detect items!
The ufetubus misses you. The ufetubus completely misses you.
There is an open door here.
The ufetubus barely misses you.
You riposte.
You barely miss the ufetubus. The ufetubus barely misses you.
The ufetubus completely misses you. You furiously retaliate!
You headbutt the ufetubus, but do no damage.
You riposte.
You slice the ufetubus!!
You kill the ufetubus!
A wraith comes into view.
You see here 31 gold pieces.
You now have 580 gold pieces (gained 31).
The ufetubus completely misses you. The ufetubus closely misses you.
The ufetubus closely misses you. The ufetubus barely misses you.
A revenant comes into view.
The revenant shouts!
The ufetubus closely misses you. x2
The revenant conjures spectral mists around you.
The spectral mist engulfs you but does no damage.
You are engulfed in spectral mist.
The revenant lashes out with ghostly flames.
The ghostly flame explodes!
The ghostly fireball engulfs you!!!
You feel drained.
A shower of butterflies erupts from you!
The ghostly fireball engulfs the wraith.
The wraith completely resists.
The wraith barely misses you.
You riposte.
You hit the wraith.
The wraith is lightly damaged.
You hear a horrible gurgling sound! x3
You take 46 damage, and have 46/92 hp.
MASSIVE DAMAGE!!
Really read
v - a scroll of blinking {!r}?
Press: ? - help, Dir - move target cursor
As you read the scroll of blinking {!r}, it crumbles to dust.
An ugly thing, 4 very ugly things and a wretched star come into view.
The green very ugly thing gurgles horribly! x2
The green very ugly thing basks in the mutagenic energy from its kin and changes!
Found a sparkling altar of Nemelex Xobeh.
A lurking horror comes into view.
The green very ugly thing basks in the mutagenic energy from its kin and changes!
The green very ugly thing completely misses you.
As you read the scroll of teleportation, it crumbles to dust.
You feel strangely unstable.
You feel the power of the Abyss delaying your translocation!
The wretched star glows turbulently.
The lance of force hits you!
You are knocked back by the lance of force.
You slam into the rock wall!
* * * LOW HITPOINT WARNING * * *
The green ugly thing basks in the mutagenic energy from its kin and changes!
The green very ugly thing misses you. You furiously retaliate!
You headbutt the green very ugly thing.
You riposte.
You barely miss the green very ugly thing.
Your headbutt misses the green very ugly thing.
The green very ugly thing is lightly wounded.
You take 35 damage, and have 12/92 hp.
MASSIVE DAMAGE!!
The wretched star pulses with an eldritch light!
You feel a little pissed off.
You feel angry.
The spectral eight-headed hydra fades away!
The green very ugly thing basks in the mutagenic energy from its kin and changes!
The green very ugly thing basks in the mutagenic energy from its kin and changes!
You feel protected.
The purple very ugly thing basks in the mutagenic energy from its kin and changes!
The wretched star pulses with an eldritch light!
Your body twists and deforms.
You feel the urge to shout.
You feel a strong urge to yell.
The purple very ugly thing trunk-slaps you.
* * * LOW HITPOINT WARNING * * *
You take 1 damage, and have 12/92 hp.
It was a potion of stabbing.
You feel ready to backstab.
The purple very ugly thing trunk-slaps you!!
You die...
Xom bursts into laughter!

....#'### #
#(.?...# §.
#......####..
#......#..#.§
#............
#...u.u#_#.#.
#..uu#.# #
#*.....#
#@u....#
########


You could see 4 very ugly things, a wretched star and a red ugly thing.

Vanquished Creatures
  A two-headed ogre (D:8)
  A centaur warrior (D:8)
  A tengu warrior (D:8)
  A wolf spider (D:8)
  Sigmund (D:5)
  A yak (D:8)
  A steam dragon (D:7)
  Menkaure (D:6)
  Duvessa (D:5)
  3 sky beasts
  4 ice beasts
  3 phantoms (D:8)
  A necrophage (D:8)
  3 ogres
  3 centaurs
  A big kobold (D:7)
  4 bullfrogs
  A wyvern zombie (D:8)
  Dowan (D:5)
  A water moccasin skeleton (D:8)
  6 killer bees (D:8)
  A wight (D:8)
  A centaur zombie (D:8)
  A crimson imp (D:5)
  3 bullfrog zombies (D:8)
  5 jellies
  4 orc wizards
  A bullfrog skeleton (D:8)
  5 orc priests
  3 centaur skeletons
  4 hounds
  4 iguanas
  11 worker ants
  A worker ant zombie (D:8)
  A gnoll (D:8)
  6 adders
  2 shadow imps
  2 white imps
  2 ufetubi
  4 adder zombies
  2 adder skeletons
  2 worms (D:2)
  A dart slug (D:2)
  8 leopard geckos
  41 orcs
  A ball python (D:3)
  9 bats
  4 giant cockroaches
  13 goblins
  7 hobgoblins
  11 jackals
  12 kobolds
  5 quokkas
  3 frilled lizards
  2 jackal zombies
  6 rats
228 creatures vanquished.

Vanquished Creatures (others)
  2 plants (D:3)
2 creatures vanquished.

Grand Total: 230 creatures vanquished

Notes
Turn   | Place    | Note
-------+----------+-------------------------------------------
     0 | D:1      | Irenicus the Minotaur Chaos Knight began the quest for the
                  | Orb.
     0 | D:1      | Reached XP level 1. HP: 19/19 MP: 0/0
   138 | D:1      | XOM: potion effect (brilliance)
   138 | D:1      | Reached skill level 4 in Long Blades
   181 | D:1      | Reached XP level 2. HP: 23/26 MP: 1/1
   460 | D:1      | XOM: give mutations
   460 | D:1      | Gained mutation: You possess an exceptional clarity of
                  | mind. [Xom's grace]
   460 | D:1      | Gained mutation: Your muscles are strong. (Str +2) [Xom's
                  | grace]
   570 | D:2      | Reached skill level 5 in Long Blades
   601 | D:2      | Reached XP level 3. HP: 31/31 MP: 2/2
   655 | D:2      | Found a sacrificial altar of Ru.
   681 | D:2      | XOM: god gift: glowing long sword {god gift}
  1209 | D:3      | Reached skill level 6 in Long Blades
  1209 | D:3      | Reached XP level 4. HP: 32/39 MP: 3/3
  1214 | D:3      | Found a blossoming altar of Fedhas.
  1269 | D:3      | XOM: cloud trail
  1342 | D:3      | Reached XP level 5. HP: 27/45 MP: 4/4
  1348 | D:3      | Reached skill level 7 in Long Blades
  1352 | D:3      | HP: 9/45 [iguana (10)]
  1380 | D:3      | XOM: god gift: pair of gloves {god gift}
  1451 | D:3      | XOM: 1-stop teleportation journey
  1647 | D:3      | Found a broken altar of Ashenzari.
  1647 | D:3      | Found a faded altar of an unknown god.
  1653 | D:3      | Found a shimmering altar of Xom.
  1663 | D:3      | Found a faded altar of an unknown god.
  1664 | D:3      | Found a glowing golden altar of the Shining One.
  1671 | D:3      | XOM: divination: detect creatures
  1770 | D:4      | Found a radiant altar of Vehumet.
  1806 | D:4      | Found a staircase to the Ecumenical Temple.
  1814 | D:4      | XOM: scenery: 2 doors open
  1815 | D:4      | Found Rott's Gadget Shop.
  1929 | D:4      | Reached skill level 8 in Long Blades
  1964 | D:4      | XOM: 2-stop teleportation journey
  1977 | D:4      | Reached XP level 6. HP: 19/51 MP: 5/5
  1979 | D:4      | XOM: noise
  2093 | D:4      | XOM: chaos upgrade
  2102 | D:4      | HP: 9/51 [orc/+0 mace (5)]
  2299 | D:4      | Reached skill level 9 in Long Blades
  2372 | D:4      | Found Afiy's Weapon Emporium.
  2389 | D:4      | Got a pitted hunting sling
  2392 | D:4      | Found Xouvur's Antique Weapon Shop.
  2396 | D:4      | Identified the +6 hunting sling of Arbitration {venom,
                  | rC+++ MR+++ Str-5 Int-3} (You found it on level 4 of the
                  | Dungeon)
  2485 | D:5      | Entered Level 5 of the Dungeon
  2549 | D:5      | Reached XP level 7. HP: 57/57 MP: 6/6
  2550 | D:5      | Noticed Sigmund
  2566 | D:5      | Killed Sigmund
  2566 | D:5      | Reached skill level 10 in Long Blades
  2832 | D:5      | Noticed Duvessa
  2833 | D:5      | Noticed Dowan
  2848 | D:5      | Killed Duvessa
  2850 | D:5      | Killed Dowan
  2850 | D:5      | Reached skill level 11 in Long Blades
  2888 | D:5      | Found a shadowy altar of Dithmenos.
  2921 | D:5      | HP: 12/57 [phantom (5)]
  2923 | D:5      | XOM: noise
  3035 | D:5      | HP: 14/57 [orc/+0 falchion (5)]
  3155 | D:5      | Found a burning altar of Makhleb.
  3172 | D:5      | XOM: 8-stop teleportation journey
  3353 | D:5      | Found a blossoming altar of Fedhas.
  3362 | D:5      | Reached XP level 8. HP: 49/64 MP: 7/7
  3682 | D:6      | Noticed Menkaure
  3683 | D:6      | XOM: summons 5 hostile demons
  3684 | D:6      | Noticed a hellwing
  3684 | D:6      | XOM: swap monsters
  3685 | D:6      | XOM: divination: detect creatures
  3691 | D:6      | XOM: enchant monster (bad)
  3704 | D:6      | Found a snail-covered altar of Cheibriados.
  3734 | D:6      | XOM: 1-stop teleportation journey
  3741 | D:6      | Reached skill level 12 in Long Blades
  3766 | D:6      | XOM: silly message
  3789 | D:6      | Killed Menkaure
  3830 | D:6      | HP: 7/64 [ogre/+0 giant spiked club (11)]
  3937 | D:6      | XOM: noise
  3941 | D:6      | Reached skill level 13 in Long Blades
  3942 | D:6      | XOM: cast spell 'Metabolic Englaciation'
  4139 | D:6      | XOM: 2-stop teleportation journey
  4204 | D:6      | Found a runed translucent door.
  4287 | D:6      | Noticed bmj180's ghost (amateur MiFi)
  4786 | D:7      | Reached XP level 9. HP: 70/70 MP: 8/8
  4840 | D:7      | Reached skill level 14 in Long Blades
  4981 | D:7      | XOM: silly message
  5323 | D:7      | Reached skill level 4 in Fighting
  5323 | D:7      | Reached skill level 2 in Dodging
  5388 | D:7      | Found a hazy altar of Hepliaklqana.
  5421 | D:7      | XOM: 5-stop teleportation journey
  5654 | D:8      | Reached skill level 3 in Dodging
  5660 | D:8      | Noticed a two-headed ogre
  5663 | D:8      | XOM: divination: magic mapping
  5669 | D:8      | Killed a two-headed ogre
  5669 | D:8      | Reached skill level 6 in Fighting
  5669 | D:8      | Reached skill level 4 in Dodging
  5673 | D:8      | Reached skill level 5 in Dodging
  5750 | D:8      | Noticed a tengu warrior
  5750 | D:8      | Noticed a centaur warrior
  5751 | D:8      | Identified the +4 long sword "Keapp" {vorpal, Int+7 Dex+2}
  5753 | D:8      | Noticed a two-headed ogre
  5758 | D:8      | XOM: confuse monster(s)
  5760 | D:8      | Reached skill level 7 in Fighting
  5767 | D:8      | Killed a tengu warrior
  5767 | D:8      | Reached skill level 6 in Dodging
  5767 | D:8      | Reached XP level 10. HP: 53/88 MP: 9/9
  5770 | D:8      | Killed a centaur warrior
  5770 | D:8      | Reached skill level 8 in Fighting
  5783 | D:8      | Noticed a wolf spider
  5783 | D:8      | a two-headed ogre changed into a wolf spider
  5783 | D:8      | XOM: polymorph two-headed ogre -> wolf spider
  5898 | D:8      | Found an opulent altar of Gozag.
  5913 | D:8      | Reached skill level 7 in Dodging
  5923 | D:8      | Found Laoseonu's Assorted Antiques.
  6043 | D:8      | Killed a wolf spider
  6043 | D:8      | Reached skill level 9 in Fighting
  6060 | D:8      | XOM: stat loss: -1 Dex (19/20)
  6096 | D:8      | XOM: polymorph wyvern -> ice beast
  6105 | D:8      | Reached skill level 8 in Dodging
  6235 | D:8      | Noticed Psyche
  6244 | D:8      | Cast into level 2 of the Abyss (Psyche)
  6255 | Abyss:2  | Found an iron altar of Okawaru.
  6372 | Abyss:2  | XOM: divination: detect items
  6384 | Abyss:2  | Noticed a revenant
  6387 | Abyss:2  | XOM: butterfly on damage
  6388 | Abyss:2  | Noticed a spectral eight-headed hydra
  6388 | Abyss:2  | Found a sparkling altar of Nemelex Xobeh.
  6388 | Abyss:2  | Noticed a wretched star
  6388 | Abyss:2  | Noticed a green very ugly thing
  6388 | Abyss:2  | Noticed a green ugly thing
  6388 | Abyss:2  | Noticed a green very ugly thing
  6388 | Abyss:2  | Noticed a green very ugly thing
  6388 | Abyss:2  | Noticed a green very ugly thing
  6390 | Abyss:2  | HP: 12/92 [rock wall collision (22)]
  6395 | Abyss:2  | HP: 12/92 [purple very ugly thing (1)]
  6396 | Abyss:2  | Demolished by a purple very ugly thing

Illustrated notes

Levels and vault maps discovered:
D:1:      onia_arrival_mini_spirals, layout_basic, minmay_domino_4
D:2:      layout_basic, nicolae_ru_sacrificial_ziggurat, grunt_decor_one_mirror,
          minmay_misc_feat_enclosed
D:3:      layout_rooms, chequers_temple_overflow_minitemple,
          fedhas_ov_isle_minmay, serial_rivers, chequers_serial_rivers_marsh,
          chequers_serial_rivers_micro_a, chequers_serial_rivers_room_a,
          chequers_serial_rivers_small_a, serial_bayou_pond_a
D:4:      layout_gridville, overflow_temple_1_default, temple_doors_e,
          serial_shops, kennysheep_mini, shop, shop
D:5:      layout_basic, makhleb_grotto_becter, basic_altar,
          grunt_dithmenos_shadows, uniq_sigmund, uniq_duvessa
D:6:      layout_layer_cave, cheibriados_altar_1,
          hellmonk_ghost_happy_afterlife, uniq_menkaure
D:7:      layout_layer_cave, lemuel_coloured_pillars_altar
D:8:      minmay_the_grid_octo_tiled_squarecenter
          [minmay_the_grid_octo_thin_diamonds,
          minmay_the_grid_octo_checkerflower, minmay_the_grid_octo_clover,
          minmay_the_grid_octo_focus, minmay_the_grid_square_5x5_megaprize_open,
          minmay_the_grid_square_5x5_v,
          minmay_the_grid_square_5x5_fancy_junction,
          minmay_the_grid_square_5x5_pentomino_r,
          minmay_the_grid_square_5x5_broken_cross], layout_basic,
          grunt_gozag_statues, serial_shops, nicolae_shop_trees,
          item_on_display_a, uniq_psyche
Abyss:2:  base: D:5, evilmike_abyss_exit_9

Skill      XL: |  1  2  3  4  5  6  7  8  9 10 |
---------------+-------------------------------+-----
Long Blades    | 4 5 6 8 9 11 13 14 | 14.3
Fighting       | 7 9 |  9.7
Dodging        | 6 8 |  8.2
Armour         | |  2.4

Action                   |  1- 3 |  4- 6 |  7- 9 | 10-12 || total
-------------------------+-------+-------+-------+-------++-------
Melee: Falchion          |    35 |       |       |       ||    35
       Headbutt          |     7 |    21 |    59 |    24 ||   111
       Long sword        |    27 |   135 |   229 |    84 ||   475
Evoke: Wand              |       |       |     2 |       ||     2
  Use: Potion            |       |     4 |       |     2 ||     6
       Scroll            |       |     1 |     8 |     4 ||    13
 Stab: Sleeping          |       |     1 |     2 |     1 ||     4
       Petrifying        |       |     1 |     1 |       ||     2
       Paralysed         |       |       |     7 |       ||     7
       Confused          |       |       |     2 |       ||     2
       Distracted        |       |       |     1 |       ||     1
Armor: Leather armour    |    27 |    60 |    63 |       ||   150
       Steam dragon scal |       |       |    11 |    13 ||    24
Dodge: Dodged            |    65 |    95 |   103 |    83 ||   346
       Rpst.: Falchion   |     7 |       |       |       ||     7
       Long sword        |    11 |    22 |    22 |    24 ||    79

Table legend: (Time is in decaauts)
 A = Elapsed time spent in this place.
 B = Non-inter-level travel time spent in this place.
 C = Inter-level travel time spent in this place.
 D = Time resting spent in this place.
 E = Time spent auto-exploring this place.
 F = Levels seen in this place.
 G = Mean time per level.
                   A        B        C        D        E       F      G
               +--------+--------+--------+--------+--------+-----+--------+
         Total |   6376 |   6045 |    331 |     36 |   2918 |   9 |  708.4 |
       Dungeon |   6225 |   5894 |    331 |     36 |   2918 |   8 |  778.1 |
         Abyss |    151 |    151 |      0 |      0 |      0 |   1 |  151.0 |
               +--------+--------+--------+--------+--------+-----+--------+

Top non-repeatable levels by time:
     D:5: 1424 daAuts
     D:6: 903 daAuts
     D:7: 853 daAuts
     D:4: 753 daAuts
     D:2: 716 daAuts
     D:8: 553 daAuts
     D:3: 534 daAuts
     D:1: 486 daAuts
 Abyss:2: 151 daAuts

Table legend:
 A = Kills in this place as a percentage of kills in entire the game.
 B = Kills by you in this place as a percentage of kills by you in the entire game.
 C = Kills by friends in this place as a percentage of kills by friends in the entire game.
 D = Other kills in this place as a percentage of other kills in the entire game.
 E = Experience gained in this place as a percentage of experience gained in the entire game.
 F = Experience gained in this place divided by the number of levels of this place that you have seen.
                   A       B       C       D       E      F
               +-------+-------+-------+-------+-------+----------------------
         Total | 100.0 | 100.0 |   N/A | 100.0 | 100.0 | 992.0
       Dungeon | 100.0 | 100.0 |   N/A | 100.0 | 100.0 | 1116.0
               +-------+-------+-------+-------+-------+----------------------
